AoeStats
← Cristhian98K

Arena

507361098Analyzed
2v2 RM · 15d ago on Sep 17, 2026· 77m 39s· 4 players
Game mode
Random Map
Map size
Medium (4 player)
Population
200
Speed
Normal
Resources
Standard
Victory
Conquest
Starting age
Dark Age
Ending age
Imperial Age
RankedLock teamsTeams togetherTeam positionsShared explorationLock speedFull tech treeHidden civsTurbo modeCheats
Victory
Defeat
🇪🇨 Sicilians · Ecuador
716
+15
🇨🇴 Bulgarians · Colombia
669
+18
🇦🇷 Burgundians · Argentina
716
-17
🇦🇷 Mongols · Argentina
681
-16
Cristhian98K
0:29 Loom
11:21 Feudal Age
12:49 Double-Bit Axe
15:43 Arson
19:18 Forging
19:09 Horse Collar
24:22 Castle Age
22:48 Gold Mining
23:02 Stone Mining
23:16 Scale Mail Armor
25:34 Pikeman
26:38 Elite Skirmisher
27:21 Padded Archer Armor
27:45 Fletching
28:22 Bodkin Arrow
29:15 Leather Archer Armor
29:29 Thumb Ring
29:27 Light Cavalry
30:37 Thumb Ring
31:25 Town Watch
32:33 Chain Mail Armor
32:58 Scale Barding Armor
33:07 Bow Saw
33:43 Heavy Plow
34:58 Iron Casting
35:46 Chain Barding Armor
36:21 Stone Shaft Mining
37:44 Gold Shaft Mining
39:10 Wheelbarrow
39:16 Stirrups
41:21 Hand Cart
41:36 Bloodlines
42:54 Husbandry
46:12 Imperial Age
45:23 Town Patrol
47:24 Conscription
49:53 Bracer
52:28 Bagains
51:52 Cavalier
54:25 Plate Barding Armor
55:23 Heavy Cavalry Archer
56:29 Parthian Tactics
57:19 Plate Mail Armor
57:31 Caravan
58:42 Blast Furnace
58:11 Squires
59:19 Crop Rotation
58:57 Gambesons
58:49 Halberdier
59:35 Hussar
Buen Levi
0:27 Loom
13:25 Feudal Age
13:51 Double-Bit Axe
13:51 Horse Collar
18:12 Wheelbarrow
23:53 Castle Age
22:16 Stone Mining
22:22 Gold Mining
23:59 Scale Mail Armor
24:09 Forging
24:54 Heavy Plow
25:05 Bow Saw
30:04 First Crusade
30:32 Chain Mail Armor
30:53 Iron Casting
33:21 Scale Barding Armor
38:03 Arson
40:54 Imperial Age
39:44 Stone Shaft Mining
41:02 Elite Serjeant
44:10 Plate Mail Armor
44:41 Blast Furnace
44:08 Arrowslits
44:55 Fletching
49:25 Cavalier
50:25 Capped Ram
53:47 Squires
54:12 Chain Barding Armor
54:25 Hauberk
58:12 Bodkin Arrow
58:54 Plate Barding Armor
60:28 Gold Shaft Mining
61:05 Husbandry
61:16 Bloodlines
60:26 Light Cavalry
61:18 Elite Skirmisher
63:36 Hand Cart
63:10 Town Watch
66:29 Chemistry
65:26 Murder Holes
65:42 Masonry
65:54 Ballistics
65:40 Bracer
77:52 Town Patrol
Narubl
11:15 Feudal Age
9:51 Double-Bit Axe
10:09 Horse Collar
11:09 Loom
19:25 Castle Age
17:27 Gold Mining
18:50 Bow Saw
18:43 Heavy Plow
18:37 Stone Mining
19:26 Man-at-Arms
23:49 Wheelbarrow
24:09 Town Watch
27:39 Long Swordsman
28:26 Husbandry
27:46 Cavalier
29:21 Fervor
29:43 Squires
29:35 Arson
30:03 Forging
29:55 Scale Mail Armor
29:50 Fletching
30:01 Padded Archer Armor
32:12 Burgundian Vineyards
33:56 Elite Skirmisher
35:24 Treadmill Crane
64:02 Two-Man Saw
66:20 Light Cavalry
68:16 Pikeman
71:32 Hand Cart
75:43 Iron Casting
Tsunami
9:39 Feudal Age
8:13 Loom
10:29 Double-Bit Axe
16:31 Castle Age
15:31 Stone Mining
16:04 Horse Collar
18:07 Wheelbarrow
20:32 Bloodlines
20:23 Husbandry
21:53 Fletching
22:04 Padded Archer Armor
25:25 Bow Saw
28:27 Hand Cart
31:46 Gold Mining
35:41 Imperial Age
33:43 Bodkin Arrow
34:04 Leather Archer Armor
34:39 Heavy Plow
36:08 Ballistics
39:42 Bracer
40:32 Elite Mangudai
45:43 Gold Shaft Mining
45:43 Stone Shaft Mining
46:23 Nomads
46:46 Drill
50:12 Chemistry
49:42 Onager
52:54 Thumb Ring
53:51 Conscription
53:21 Heavy Cavalry Archer
56:36 Scale Barding Armor
59:25 Elite Steppe Lancer
68:44 Siege Onager
Connection lost

Rejoining the realm…

Still unreachable

The connection could not be restored.

Session expired

The server has moved on; the page needs a fresh start.